 Dungeon Crawl Stone Soup version 0.26-a0-854-gdc81c2f471 (webtiles) character file.

Game seed: 7650148987868961193

1 iamoutofideas the Thaumaturge (level 1, 0/13 HPs)
             Began as a Gnoll Wanderer on Nov 23, 2020.
             Slain by a jackal (3 damage)
             ... on level 1 of the Dungeon.
             The game lasted 00:00:09 (30 turns).

iamoutofideas the Thaumaturge (Gnoll Wanderer)        Turns: 30, Time: 00:00:10

Health: 0/13       AC:  2    Str: 12    XL:     1   Next: 20%
Magic:  12/12      EV: 11    Int: 16    God:
Gold:   0          SH:  0    Dex: 14    Spells: 22/22 levels left

rFire    . . .     SeeInvis .   a - +0 dagger
rCold    . . .     Faith    .   (no shield)
rNeg     . . .     Spirit   .   d - +0 robe
rPois    .         Reflect  .   (no helmet)
rElec    .         Harm     .   (no cloak)
rCorr    .         Rampage  .   (no gloves)
MR       .....                  (no boots)
Stlth    ++........             (no amulet)
HPRegen  0.04/turn              (no ring)
MPRegen  0.13/turn              (no ring)

@: no status effects
A: distributed training, fangs 1, strong nose
a: no special abilities


You were on level 1 of the Dungeon.
You visited 1 branch of the dungeon, and saw 1 of its levels.

Inventory:

Hand Weapons
 a - a +0 dagger (weapon)
Armour
 d - a +0 robe (worn)


   Skills:
 + Level 0.0 Fighting
 + Level 0.0 Short Blades
 + Level 0.0 Long Blades
 + Level 0.0 Axes
 + Level 0.0 Maces & Flails
 + Level 0.0 Polearms
 + Level 0.0 Staves
 + Level 0.0 Slings
 + Level 0.0 Bows
 + Level 0.0 Crossbows
 + Level 0.0 Throwing
 + Level 0.0 Armour
 + Level 0.0 Dodging
 + Level 2.1 Stealth
 + Level 2.3 Shields
 + Level 0.0 Unarmed Combat
 + Level 11.1 Spellcasting
 + Level 0.0 Conjurations
 + Level 0.0 Hexes
 + Level 0.0 Summonings
 + Level 0.0 Necromancy
 + Level 0.0 Translocations
 + Level 0.0 Transmutations
 + Level 1.9 Fire Magic
 + Level 1.9 Ice Magic
 + Level 0.0 Air Magic
 + Level 1.9 Earth Magic
 + Level 0.0 Poison Magic
 + Level 0.0 Invocations
 + Level 0.0 Evocations


You had 22 spell levels left.
You didn't know any spells.
Your spell library contained the following spells:

 Spells                   Type           Power        Failure   Level
 Sandblast                Erth           ###...       3%          1
 Magic Dart               Conj           #...         9%          1
 Passwall                 Tmut/Erth      ##......     9%          2
 Blink                    Tloc           N/A          12%         2
 Call Imp                 Summ           #.......     12%         2
 Slow                     Hex            #.......     12%         2
 Wereblood                Tmut           #.......     12%         2
 Conjure Flame            Conj/Fire      ##......     16%         3
 Stone Arrow              Conj/Erth      ##....       16%         3
 Mephitic Cloud           Conj/Pois/Air  #.......     24%         3


Dungeon Overview and Level Annotations

Branches:
Dungeon (1/15)

Altars:


Innate Abilities, Weirdness & Mutations

Your experience applies equally to all skills.
You have very sharp teeth.
Your uncanny sense of smell can sniff out nearby items.


Message History

The jackal barely misses you.
You hit the jackal.
You kill the jackal!
The jackal barely misses you.
The jackal bites you but does no damage.
The jackal bites you. The rat bites you. The jackal closely misses you.
The jackal misses you. The jackal bites you.
You are too injured to fight recklessly!
You closely miss the jackal. The jackal closely misses you.
The jackal barely misses you.
You hit the jackal.
The jackal is lightly wounded.
The jackal bites you.
* * * LOW HITPOINT WARNING * * *
You hit the jackal.
The jackal is heavily wounded.
The jackal bites you.
You die...

.............#
.............# ###
#.....8.....# ..#
#.....<.....# ∆ #.###
#..8.....8..# ###...#
#....≈≈≈....# #.?.#.#
#.##≈≈≈≈≈##.# ###.#.#.#
#
#≈≈≈≈≈##.###...#.#.##.#
#≈≈>≈≈##.@hBh........>#
########.###r....######
#.# #####.# ..# #.#
#.## #.# #. #.# #. ..#
#. #..


You could see 2 jackals, a giant cockroach and a rat.

Vanquished Creatures
  A jackal (D:1)
1 creature vanquished.

Notes
Turn   | Place    | Note
-------+----------+-------------------------------------------
     0 | D:1      | Reached skill level 11 in Spellcasting
     0 | D:1      | iamoutofideas the Gnoll Wanderer began the quest for the
                  | Orb.
     0 | D:1      | iamoutofideas set off with the following items: a +0
                  | dagger, a +0 robe; and the following spells available to
                  | memorise: Sandblast, Magic Dart, Passwall, Blink, Call Imp,
                  | Slow, Wereblood, Conjure Flame, Stone Arrow, Mephitic Cloud
     0 | D:1      | Reached XP level 1. HP: 13/13 MP: 12/12
    30 | D:1      | Slain by a jackal

Illustrated notes

Levels and vault maps discovered:
D:1:      grunt_arrival_lava_bath, layout_basic, minmay_rat_gold_closets

Skill      XL: | |
---------------+-+-----
Spellcasting   | | 11.1
Stealth        | |  2.1
Shields        | |  2.3
Fire Magic     | |  1.9
Ice Magic      | |  1.9
Earth Magic    | |  1.9

Action                   || total
-------------------------++-------
Melee: Dagger            ||     8
Armor: Robe              ||     4
Dodge: Dodged            ||    10

Table legend: (Time is in decaauts)
 A = Elapsed time spent in this place.
 B = Non-inter-level travel time spent in this place.
 C = Inter-level travel time spent in this place.
 D = Time resting spent in this place.
 E = Time spent auto-exploring this place.
 F = Levels seen in this place.
 G = Mean time per level.
                   A        B        C        D        E       F      G
               +--------+--------+--------+--------+--------+-----+--------+
         Total |     30 |     30 |      0 |      0 |      7 |   1 |   30.0 |
       Dungeon |     30 |     30 |      0 |      0 |      7 |   1 |   30.0 |
               +--------+--------+--------+--------+--------+-----+--------+

Top non-repeatable levels by time:
     D:1: 30 daAuts
